 Dungeon Crawl Stone Soup version 0.29.1-13-g9f3cf754e1 (webtiles) character file.

Game seed: 9356544863374720834

1036 hbarley the Cleaver (level 8, -4/61 (69) HPs)
             Began as a Hill Orc Fighter on Jan 30, 2023.
             Slain by a wight
             ... wielding a +1 falchion
              (9 damage)
             ... on level 8 of the Dungeon.
             The game lasted 00:12:49 (6548 turns).

hbarley the Cleaver (Hill Orc Fighter)              Turns: 6548, Time: 00:12:50

HP:   -4/61 (69)    AC: 12    Str: 19    XL:     8   Next: 24%
MP:   8/8           EV:  5    Int:  8    God:
Gold: 390           SH:  5    Dex: 12    Spells: 7/7 levels left

rFire   . . .      SeeInvis .   a - +0 war axe
rCold   + . .      Faith    .   c - +0 buckler
rNeg    . . .      Spirit   .   i - +0 plate armour
rPois   .          Reflect  .   (no helmet)
rElec   .          Harm     .   (no cloak)
rCorr   .          Rampage  .   (no gloves)
Will    .....                   (no boots)
Stlth   ..........              (no amulet)
HPRegen 0.20/turn               C - ring of protection from cold
MPRegen 0.11/turn               (no ring)

@: heavily drained
A: no striking features
a: no special abilities


You were on level 8 of the Dungeon.
You visited 2 branches of the dungeon, and saw 8 of its levels.

You collected 390 gold pieces.

Inventory:

Hand Weapons
 a - a +0 war axe (weapon)
 j - a +2 flail of draining
Missiles
 v - a throwing net (quivered)
Armour
 b - a +0 scale mail
 c - a +0 buckler (worn)
 i - a +0 plate armour (worn)
 E - a +2 scale mail of poison resistance
Jewellery
 q - a ring of wizardry
 w - a ring of magical power
 C - a ring of protection from cold (left hand)
Wands
 d - a wand of roots (3)
 B - a wand of flame (12)
Scrolls
 e - a scroll of fog {unknown}
 f - 2 scrolls of enchant weapon {unknown}
 g - 2 scrolls of identify {unknown}
 l - a scroll of fear {unknown}
 m - 2 scrolls of teleportation {unknown}
 p - a scroll of torment {unknown}
 t - 2 scrolls of brand weapon {unknown}
 x - a scroll of magic mapping {unknown}
 y - 2 scrolls of enchant armour {unknown}
 z - a scroll of blinking {unknown}
 D - a scroll of noise {unknown}
 G - a scroll of summoning
Potions
 h - 3 potions of curing {unknown}
 k - a potion of cancellation {unknown}
 n - 2 potions of attraction {unknown}
 o - a potion of berserk rage {unknown}
 r - a potion of ambrosia {unknown}
 s - a potion of brilliance {unknown}
 u - 2 potions of lignification {unknown}
 A - a potion of haste {unknown}
 F - a potion of degeneration {unknown}


   Skills:
 + Level 5.6 Fighting
 + Level 8.3 Axes
 + Level 6.4 Armour
 + Level 4.9 Shields


You had 7 spell levels left.
You didn't know any spells.
Your spell library contained the following spells:

 Spells                   Type           Power      Damage    Failure   Level
 Beastly Appendage        Tmut           0%         N/A       100%        1
 Shock                    Conj/Air       0%         1d3       100%        1
 Ensorcelled Hibernation  Hex/Ice        0%         N/A       100%        2
 Sublimation of Blood     Necr           0%         N/A       100%        2
 Wereblood                Tmut           0%         N/A       100%        2
 Gell's Gravitas          Tloc           0%         N/A       100%        3
 Lesser Beckoning         Tloc           0%         N/A       100%        3
 Spider Form              Tmut/Pois      0%         N/A       100%        3
 Swiftness                Air            0%         N/A       100%        3
 Teleport Other           Tloc           0%         N/A       100%        3
 Airstrike                Air            0%         2d(0-16)  100%        4
 Anguish                  Hex/Necr       0%         N/A       100%        4
 Summon Hydra             Summ           0%         N/A       100%        7


Dungeon Overview and Level Annotations

Branches:
Dungeon (8/15)             Temple (1/1) D:5
   Lair: D:8-11

Altars:
Cheibriados
Dithmenos
Fedhas
Kikubaaqudgha
Okawaru
Qazlal
Ru
Sif Muna
Trog
Uskayaw
Vehumet
Wu Jian
Yredelemnul

Annotations:
D:3 2 transporters, Rangus's ghost, amateur GnWn


Message History

A wight comes into view. It is wielding a +1 falchion.
You slash the wight!
The wight is heavily damaged.
The wight hits you with a +3 great sword!
You feel drained.
You hit the wight but do no damage.
The wight is heavily damaged.
You block the wight's attack.
You hit the wight.
The wight is severely damaged.
You barely miss the wight. The wight completely misses you.
The wight hits you with a +3 great sword.
You feel drained.
The wight hits you with a +3 great sword!
The wight hits you with a +1 falchion.
* * * LOW HITPOINT WARNING * * *
You feel drained.
You hit the wight.
The wight is severely damaged.
You closely miss the wight. The wight hits you with a +1 falchion.
* * * LOW HITPOINT WARNING * * *
You feel drained. You block the wight's attack.
You barely miss the wight.
The wight is severely damaged.
You hit the wight. The wight hits you but does no damage.
The wight hits you with a +3 great sword!
* * * LOW HITPOINT WARNING * * *
You closely miss the wight.
The wight is severely damaged.
You hit the wight but do no damage. The wight hits you with a +1 falchion.
* * * LOW HITPOINT WARNING * * *
The wight barely misses you.
You hit the wight but do no damage.
The wight is severely damaged.
You hit the wight but do no damage. You block the wight's attack.
The wight hits you but does no damage.
You hit the wight but do no damage.
The wight is severely damaged.
You hit the wight. The wight hits you with a +1 falchion!
You die...

.#...#######
.#.........# ..
.#.........# ..
...........# ..
...........# .##
......##.#### ..
(..##.##....# .#
...##....##.#####z##.###
...#####.##..)).@z......
.### ###...#########.###
.# #.....## .# #......#
.# #....o.# .# #......#
.# #..../o# .# #....o..
.# #......#.


You could see 2 wights.

Vanquished Creatures
  Edmund (D:6)
  2 ice beasts (D:5)
  Blork the orc (D:5)
  A scorpion (D:5)
  4 hounds (D:5)
  2 jellies (D:5)
  An orc priest (D:4)
  A gnoll bouda (D:5)
  Terence (D:3)
  5 iguanas
  2 orc wizards
  4 adders
  A shadow imp (D:5)
  2 white imps (D:5)
  An ufetubus (D:5)
  A worm (D:5)
  21 orcs
  8 bats
  4 endoplasms
  3 giant cockroaches
  7 hobgoblins
  6 jackals
  4 quokkas
  3 ball pythons
  6 frilled lizards
  3 goblins
  2 kobolds
  2 rats
99 creatures vanquished.

Notes
Turn   | Place    | Note
-------+----------+-------------------------------------------
     0 | D:1      | hbarley the Hill Orc Fighter began the quest for the Orb.
     0 | D:1      | Reached XP level 1. HP: 19/19 MP: 1/1
   273 | D:1      | Reached XP level 2. HP: 27/27 MP: 2/2
   322 | D:1      | Reached skill level 3 in Axes
   771 | D:2      | Reached XP level 3. HP: 28/33 MP: 3/3
  1684 | D:3      | Noticed an ogre
  1685 | D:3      | Noticed Rangus's ghost (amateur GnWn)
  1686 | D:3      | Noticed an ogre
  1687 | D:3      | Found a transporter.
  1724 | D:3      | Reached XP level 4. HP: 40/40 MP: 4/4
  1757 | D:3      | Reached skill level 4 in Axes
  1845 | D:3      | HP: 1/41 [orc/+0 trident (3)]
  2242 | D:3      | Found a transporter.
  2420 | D:3      | Identified the +5 dagger of Success {freeze, Int+3 Dex+4}
  2420 | D:3      | Noticed Terence
  2427 | D:3      | Killed Terence
  2716 | D:3      | Reached XP level 5. HP: 46/47 MP: 5/5
  2876 | D:4      | Reached skill level 5 in Axes
  3437 | D:4      | Reached XP level 6. HP: 51/53 MP: 6/6
  3994 | D:4      | Found a shimmering blue altar of Sif Muna.
  3994 | D:4      | Found an iron altar of Okawaru.
  4334 | D:5      | Entered Level 5 of the Dungeon
  4439 | D:5      | Found a staircase to the Ecumenical Temple.
  4445 | Temple   | Entered the Ecumenical Temple
  4645 | D:5      | Reached skill level 5 in Armour
  4746 | D:5      | Noticed an ice beast
  4771 | D:5      | Killed an ice beast
  4772 | D:5      | Reached skill level 5 in Fighting
  4772 | D:5      | Reached skill level 6 in Axes
  4772 | D:5      | Reached XP level 7. HP: 45/61 MP: 7/7
  5204 | D:5      | Reached skill level 7 in Axes
  5362 | D:5      | Noticed Blork the orc
  5377 | D:5      | Killed Blork the orc
  5812 | D:5      | Reached XP level 8. HP: 59/68 MP: 8/8
  6058 | D:6      | Noticed Edmund
  6088 | D:6      | HP: 2/59 [constriction (3)]
  6089 | D:6      | Killed Edmund
  6090 | D:6      | Reached skill level 8 in Axes
  6412 | D:6      | Found a hide-covered altar of Uskayaw.
  6439 | D:6      | You fall into a shaft and drop 2 floors!
  6548 | D:8      | Slain by a wight

Illustrated notes

Levels and vault maps discovered:
D:1:      arrival_zaba_pyramid, layout_loops_ring, minmay_pentomino_r2
D:2:      layout_basic, minivault_24
D:3:      layout_basic, gammafunk_ghost_smash,
          hangedman_abyss_or_decor_lesser_grid, grunt_ministairs_5, hex_medium,
          uniq_terence
D:4:      layout_cave_pods, gammafunk_temple_overflow_wave
D:5:      minmay_octagon_keep, layout_loops_ring, minmay_temple_entry_fiery,
          serial_glass, glass_columns_a, glass_columns_a,
          dreamdust_wishing_well, hangedman_decor_lopped, uniq_blork_the_orc
D:6:      layout_basic, mainiacjoe_overflow_boulevard,
          lightli_sewer_entry_pipes, uniq_pikel, uniq_edmund
D:8:      layout_basic, mainiacjoe_overflow_24_doors, enter_bailey_4,
          minivault_11, nicolae_elevator_lobby_asterisk
Temple:   nicolae_temple_two_arcs

Skill      XL: |  1  2  3  4  5  6  7  8 |
---------------+-------------------------+-----
Fighting       | 4 5 |  5.6
Axes           | 3 4 5 6 7 8 |  8.3
Armour         | 4 5 6 |  6.4
Shields        | 4 |  4.9

Action                   |  1- 3 |  4- 6 |  7- 9 || total
-------------------------+-------+-------+-------++-------
Melee: War axe           |   120 |   129 |   136 ||   385
  Use: Potion            |       |       |     2 ||     2
Armor: Scale mail        |     8 |       |       ||     8
       Plate armour      |    89 |    86 |    59 ||   234
Dodge: Dodged            |    41 |    35 |    23 ||    99
Block: Buckler           |    40 |    44 |    32 ||   116
